 Dungeon Crawl Stone Soup version 0.29-a0-962-gc8bbfd0a37 (webtiles) character file.

Game seed: 18413829696288389917

42 Demosthentine the Poker (level 3, -11/28 HPs)
             Began as a Merfolk Gladiator on July 31, 2022.
             Mangled by a gnoll
             ... wielding a +0 flail
              (13 damage)
             ... on level 2 of the Dungeon.
             The game lasted 00:02:17 (1817 turns).

Demosthentine the Poker (Merfolk Gladiator)         Turns: 1817, Time: 00:02:17

Health: -11/28     AC:  4    Str: 16    XL:     3   Next: 56%
Magic:  3/3        EV: 13    Int:  7    God:
Gold:   56         SH:  0    Dex: 15    Spells: 2/2 levels left

rFire   . . .      SeeInvis .   a - +0 trident
rCold   . . .      Faith    .   (no shield)
rNeg    . . .      Spirit   .   b - +0 leather armour
rPois   .          Reflect  .   c - +0 helmet
rElec   .          Harm     .   (no cloak)
rCorr   .          Rampage  .   (no gloves)
Will    .....                   (no boots)
Stlth   +.........              (no amulet)
HPRegen 0.09/turn               (no ring)
MPRegen 0.08/turn               (no ring)

@: no status effects
A: (nimble swimmer 2), mertail
a: no special abilities


You were on level 2 of the Dungeon.
You visited 1 branch of the dungeon, and saw 3 of its levels.

You collected 56 gold pieces.

Inventory:

Hand Weapons
 a - a +0 trident (weapon)
 f - a +3 demon trident of freezing
Missiles
 d - 3 throwing nets (quivered)
 e - a javelin
Armour
 b - a +0 leather armour (worn)
 c - a +0 helmet (worn)
Potions
 g - 2 potions of heal wounds {unknown}
 h - a potion of attraction {unknown}
 j - a potion of brilliance {unknown}
 k - a potion of cancellation {unknown}
 l - 2 potions of degeneration {unknown}


   Skills:
 + Level 2.8 Fighting
 + Level 4.5 Polearms
 - Level 2.0 Throwing
 + Level 0.9 Armour
 + Level 4.5 Dodging


You had 2 spell levels left.
You didn't know any spells.
Your spell library was empty.

Dungeon Overview and Level Annotations

Branches:
Dungeon (3/15)

Altars:


Innate Abilities, Weirdness & Mutations

((You are very nimble when in or above water. (Stealth+, EV+, Speed+++)))
Your lower body shifts to a powerful aquatic tail in water.


Message History

The adder bites you but does no damage. The gnoll hits you with a +0 flail.
The gnoll hits you with a +0 spear. The adder closely misses you.
You climb upwards.
There is a stone staircase leading down here.
Unknown command.
Okay, then.
You hit the gnoll.
The gnoll is moderately wounded.
The gnoll hits you with a +0 flail!
* * * LOW HITPOINT WARNING * * *
The gnoll barely misses you.
You feel better. The gnoll misses you. The gnoll hits you with a +0 spear.
You closely miss the gnoll.
The gnoll is moderately wounded.
The gnoll barely misses you. The gnoll hits you with a +0 flail!
* * * LOW HITPOINT WARNING * * *
You feel better. The gnoll closely misses you. The gnoll barely misses you.
You hit the gnoll but do no damage.
The gnoll is moderately wounded.
The gnoll hits you with a +0 spear. The gnoll barely misses you.
The gnoll hits you with a +0 flail!
* * * LOW HITPOINT WARNING * * *
The gnoll hits you with a +0 spear.
* * * LOW HITPOINT WARNING * * *
You completely miss the gnoll.
The gnoll is moderately wounded.
The gnoll misses you. The gnoll closely misses you.
You hit the gnoll.
The gnoll is moderately wounded.
The gnoll completely misses you. The gnoll hits you but does no damage.
Unknown command.
You hit the gnoll but do no damage.
The gnoll is moderately wounded.
The gnoll barely misses you. The gnoll hits you with a +0 spear.
* * * LOW HITPOINT WARNING * * *
Unknown command.
You barely miss the gnoll.
The gnoll is moderately wounded.
The gnoll hits you with a +0 flail!
You die...

##.# #.)....# # #.#
######.....#########
# #.#
#.......#.#.......[#
##.###
#.......#.#.)......#
.....#
#.........#........#
.....#
#......#..#........#
#....#
#......#..#........#
#....#
#########g#........#
#....# #@gS.......#
#....#
###........#######
.....#
#.###...........
###### #.#
#.########## #.# #.#
#.# #.# #.# #.# #.#
#.# #.###.#


You could see 2 gnolls and an adder.

Vanquished Creatures
  An adder (D:2)
  A dart slug (D:1)
  2 ball pythons (D:1)
  5 endoplasms
  2 giant cockroaches (D:1)
  3 goblins
  2 hobgoblins (D:1)
  3 bats
  3 frilled lizards
  4 kobolds (D:2)
  2 rats
28 creatures vanquished.

Notes
Turn   | Place    | Note
-------+----------+-------------------------------------------
     0 | D:1      | Demosthentine the Merfolk Gladiator began the quest for the
                  | Orb.
     0 | D:1      | Reached XP level 1. HP: 16/16 MP: 1/1
   272 | D:1      | Reached XP level 2. HP: 21/23 MP: 2/2
   855 | D:1      | Identified a scroll of acquirement
   855 | D:1      | Acquired a +3 demon trident of freezing
  1029 | D:2      | Reached XP level 3. HP: 27/28 MP: 3/3
  1128 | D:2      | Found a faded altar of an unknown god.
  1817 | D:2      | Mangled by a gnoll

Illustrated notes

Levels and vault maps discovered:
D:1:      dpeg_arrival_windows_large_door, layout_basic
D:2:      layout_basic, basic_ecumenical_altar, minmay_fountain_box,
          kennysheep_cross_room
D:3:      layout_rooms, serial_curves, eino_curves_04, eino_curves_03

Action                   || total
-------------------------++-------
Melee: Trident           ||    92
  Use: Scroll            ||     5
       Potion            ||     2
 Stab: Sleeping          ||     2
Armor: Leather armour    ||    25
Dodge: Dodged            ||    53

Table legend: (Time is in decaauts)
 A = Elapsed time spent in this place.
 B = Non-inter-level travel time spent in this place.
 C = Inter-level travel time spent in this place.
 D = Time resting spent in this place.
 E = Time spent auto-exploring this place.
 F = Levels seen in this place.
 G = Mean time per level.
                   A        B        C        D        E       F      G
               +--------+--------+--------+--------+--------+-----+--------+
         Total |   1825 |   1794 |     31 |    145 |   1400 |   3 |  608.3 |
       Dungeon |   1825 |   1794 |     31 |    145 |   1400 |   3 |  608.3 |
               +--------+--------+--------+--------+--------+-----+--------+

Top non-repeatable levels by time:
     D:2: 917 daAuts
     D:1: 896 daAuts
     D:3: 11 daAuts
